 Dungeon Crawl Stone Soup version 0.29-a0-284-gf9362112df (webtiles) character file.

Game seed: 7314381658850197201

12 GigaChad the Insei (level 2, 0/22 HPs)
             Began as a Djinni Transmuter on Mar 31, 2022.
             Killed from afar by Natasha (4 damage)
             ... with a magic dart
             ... on level 2 of the Dungeon.
             The game lasted 00:04:01 (505 turns).

GigaChad the Insei (Djinni Transmuter)               Turns: 505, Time: 00:04:01

Health: 0/22       AC:  2    Str:  9    XL:     2   Next: 45%
Gold:   40         EV: 12    Int: 14    God:
                   SH:  0    Dex: 13

rFire   + + .      SeeInvis .   d - +0 dagger
rCold   x . .      Faith    .   (no shield)
rNeg    . . .      Spirit   .   a - +0 robe
rPois   ∞          Reflect  .   (no helmet)
rElec   .          Harm     .   (no cloak)
rCorr   .          Rampage  .   (no gloves)
Will    .....                   (boots unavailable)
Stlth   +.........              (no amulet)
HPRegen 0.07/turn               (no ring)
MPRegen 0.00/turn               (no ring)

@: flying
A: sickness immunity, fire resistance 2, cold vulnerability 1, float, innate
caster, HP casting, extra vitality 1
a: no special abilities


You were on level 2 of the Dungeon.
You visited 1 branch of the dungeon, and saw 2 of its levels.

You collected 40 gold pieces.

Inventory:

Hand Weapons
 d - a +0 dagger (weapon)
Armour
 a - a +0 robe (worn)
Scrolls
 c - 3 scrolls of identify {unknown}
 e - a scroll of brand weapon {unknown}
 i - a scroll of fog {unknown}
Potions
 b - a potion of lignification
 f - a potion of degeneration {unknown}
 g - 2 potions of might {unknown}
 h - a potion of curing {unknown}


   Skills:
 + Level 1.0 Fighting
 + Level 2.2 Dodging
 + Level 3.4 Unarmed Combat
 + Level 1.8 Spellcasting


You couldn't memorise any spells.
You knew the following spells:

 Your Spells              Type           Power      Damage    Failure   Level
a - Beastly Appendage     Tmut           12%        N/A       12%         1
b - Wereblood             Tmut           6%         N/A       17%         2
c - Spider Form           Tmut/Pois      6%         N/A       34%         3
d - Ice Form              Ice/Tmut       6%         N/A       75%         4
Your spell library was empty.

Dungeon Overview and Level Annotations

Branches:
Dungeon (2/15)

Altars:

Annotations:
D:2 Natasha


Innate Abilities, Weirdness & Mutations

You are immune to sickness and miasma.
You are immune to poison.
Your flesh is very heat resistant. (rF++)
You are vulnerable to cold. (rC-)
You float through the air rather than walking.
You learn spells naturally, not from books.
Your magical power is your life essence.
You have superior vitality. (+4 MHP)


Message History

The ball python closely misses you. The ball python constricts you.
You escape the ball python's grasp.
The ball python barely misses you. The ball python misses you.
Things that are here:
a bubbling dark potion; a hobgoblin corpse The ball python closely misses you.
The ball python misses you.
The ball python attacks as you move away!
The ball python bites you but does no damage.
You closely miss the ball python. The ball python closely misses you.
The ball python completely misses you. The ball python barely misses you. x2
You hit the ball python.
The ball python is moderately wounded.
The ball python misses you. The ball python barely misses you.
You hit the ball python.
You kill the ball python!
You see here a ball python corpse.
h - a bubbling dark potion You see here a hobgoblin corpse.
There are no objects that can be picked up here. a hobgoblin corpse
Found 17 stones.
Found a cloak.
Found 9 gold pieces.
i - a scroll labelled LUOPTY QUZUHU
Found a ring mail.
Found a stone staircase leading down.
You now have 40 gold pieces (gained 9).
Found 17 stones.
Natasha, Servant of Life and Death comes into view.
Natasha hisses angrily.
Natasha extends her claws.
You see here 17 stones.
Found a scroll labelled BATZAS OLUDDU.
Natasha claws you. Natasha casts a spell at you. The magic dart hits you.
* * * LOW HITPOINT WARNING * * *
Natasha casts a spell at you. The magic dart hits you.
You die...

##############
##.....##.....#######
##.(..........[.#.....
#.........(.........#
#....@h.............#
#....[..............#
#...................##
#....................#
#.?..................#
##..>...........#....#
##.....##.....#####.#
###########.## #..
...<....†.†.# ####.


You could see Natasha.

Vanquished Creatures
  A dart slug (D:1)
  2 endoplasms (D:2)
  A giant cockroach (D:1)
  A goblin (D:1)
  2 hobgoblins
  A ball python (D:2)
  A rat (D:1)
9 creatures vanquished.

Notes
Turn   | Place    | Note
-------+----------+-------------------------------------------
     0 | D:1      | GigaChad the Djinni Transmuter began the quest for the Orb.
     0 | D:1      | Reached XP level 1. HP: 17/17 MP: 0/0
    75 | D:1      | Reached XP level 2. HP: 16/22 MP: 0/0
   498 | D:2      | Noticed Natasha
   505 | D:2      | Killed from afar by Natasha

Illustrated notes

Levels and vault maps discovered:
D:1:      kennysheep_arrival_forest, layout_basic
D:2:      layout_rooms, kennysheep_generic_room_6, uniq_jessica, uniq_natasha

Action                   || total
-------------------------++-------
Melee: Unarmed           ||    27
       Headbutt          ||     1
       Punch             ||     1
       Dagger            ||    19
 Cast: Beastly Appendage ||     1
Armor: Robe              ||    11
Dodge: Dodged            ||    42

Table legend: (Time is in decaauts)
 A = Elapsed time spent in this place.
 B = Non-inter-level travel time spent in this place.
 C = Inter-level travel time spent in this place.
 D = Time resting spent in this place.
 E = Time spent auto-exploring this place.
 F = Levels seen in this place.
 G = Mean time per level.
                   A        B        C        D        E       F      G
               +--------+--------+--------+--------+--------+-----+--------+
         Total |    502 |    502 |      0 |      0 |      0 |   2 |  251.0 |
       Dungeon |    502 |    502 |      0 |      0 |      0 |   2 |  251.0 |
               +--------+--------+--------+--------+--------+-----+--------+

Top non-repeatable levels by time:
     D:1: 373 daAuts
     D:2: 129 daAuts
